 Dungeon Crawl Stone Soup version 0.19.0-9-gfd783f2 (webtiles) character file.

6803 MovingMist the Blocker (level 11, -3/63 HPs)
             Began as a Gargoyle Fighter on Nov 7, 2016.
             Was a High Priest of Okawaru.
             Slain by a spiny frog (13 damage)
             ... on level 1 of the Lair of Beasts on Nov 8, 2016.
             The game lasted 00:28:19 (7758 turns).

MovingMist the Blocker (Gargoyle Fighter)           Turns: 7758, Time: 00:28:19

Health: -3/63      AC: 19    Str: 28    XL:     11   Next: 5%
Magic:  21/21      EV:  7    Int:  8    God:    Okawaru [*****.]
Gold:   10         SH:  0    Dex: 10    Spells: 1 memorised, 21 levels left

rFire  . . .     SeeInvis .     S - +0 great mace
rCold  . . .     Gourm    .     O - +0 plate armour
rNeg   + . .     Faith    .     (shield currently unavailable)
rPois  ∞         Spirit   .     (helmet restricted)
rElec  +         Reflect  .     z - +0 cloak
rCorr  .         Harm     .     (no gloves)
MR     .....     Clarity  +     x - +0 pair of boots (curse)
Stlth  ..........               (no amulet)
                                (no ring)
                                (no ring)

@: mighty
A: beak, blink, clarity, deformed body, deterioration 1, negative energy
resistance 1, electricity resistance, unbreathing, petrification resistance, rot
immunity, AC +7
a: Blink, Heroism, Finesse, Renounce Religion


You were on level 1 of the Lair of Beasts.
You worshipped Okawaru.
Okawaru was extremely pleased with you.
You were not hungry.

You visited 2 branches of the dungeon, and saw 10 of its levels.

You collected 10 gold pieces.

Inventory:

Hand Weapons
 J - a +1 whip of electrocution
 S - a +0 great mace (weapon)
Armour
 c - a +0 shield
 x - a cursed +0 pair of boots (worn)
 y - a +0 helmet
 z - a +0 cloak (worn)
 O - a +0 plate armour (worn)
Wands
 g - a wand of lightning (8/15)
 h - a wand of iceblast (3/15)
 n - a wand of acid (6/15)
 Q - a wand of flame (44/48)
Scrolls
 a - a scroll of fog {unknown}
 b - 4 scrolls of remove curse {unknown}
 j - 8 scrolls of identify {unknown}
 l - 2 scrolls of teleportation {unknown}
 m - 2 scrolls of magic mapping {unknown}
 r - a scroll of silence {unknown}
 s - a scroll of enchant armour {unknown}
 C - a scroll of amnesia {unknown}
 D - 2 scrolls of immolation {unknown}
 E - a scroll of blinking {unknown}
 L - a scroll of recharging {unknown}
 M - a scroll of enchant weapon {unknown}
 N - a scroll of random uselessness {unknown}
Potions
 e - 2 potions of resistance {unknown}
 o - a potion of haste {unknown}
 q - 3 potions of curing {unknown}
 t - a potion of cancellation {unknown}
 u - 2 potions of mutation {unknown}
 v - 3 potions of flight {unknown}
 w - a potion of cure mutation {unknown}
 A - 5 potions of brilliance {unknown}
 B - a potion of beneficial mutation {unknown}
 G - a potion of heal wounds {unknown}
 H - 2 potions of ambrosia {unknown}
 I - a potion of agility {unknown}
 K - 2 potions of degeneration {unknown}
 P - a potion of berserk rage {unknown}
Books
 F - a book of Geomancy

   Spells                             Type                      Level
   a - Sandblast                      Earth                        1
   b - Passwall                       Transmutation/Earth          2
   c - Stone Arrow                    Conjuration/Earth            3
   d - Petrify                        Transmutation/Earth          4
   e - Lee's Rapid Deconstruction     Earth                        5
Comestibles
 f - 12 bread rations
 i - 7 beef jerkies
 k - 4 meat rations
 p - 18 fruits
 R - a chunk of flesh


   Skills:
 - Level 5.0 Fighting
   Level 0.3(4.8) Axes
 * Level 8.6 Maces & Flails
 + Level 9.5 Armour
 + Level 9.6 Shields
 - Level 6.9 Spellcasting


You had 21 spell levels left.
You knew the following spells:

 Your Spells              Type           Power        Failure   Level  Hunger
a - Passwall              Tmut/Erth      #.........   100%        2    ##.....


Dungeon Overview and Level Annotations

Branches:
Dungeon (9/15)             Temple (0/1) D:6            Lair (1/6) D:9
    Orc: D:9-12

Altars:
Ashenzari
Fedhas
Okawaru
Sif Muna
Xom

Annotations:
D:9 Maurice


Innate Abilities, Weirdness & Mutations

You are resistant to torment.
Your stone body is resilient. (AC +7)
You are immune to poison.
You resist negative energy. (rN+)
You are resistant to electric shocks. (rElec)
You can survive without breathing.
You are immune to petrification.
You are immune to rotting.
You have a beak for a mouth.
You can translocate small distances at will.
You possess an exceptional clarity of mind.
Armour fits poorly on your strangely shaped body.
Your body sometimes deteriorates upon taking damage.


Message History

You barely miss the spiny frog. Your peck misses the spiny frog.
The spiny frog is lightly wounded.
The spiny frog completely misses you.
The bullfrog hits you but does no damage.
The spiny frog stings you!
* * * LOW HITPOINT WARNING * * *
The bullfrog hits you.
* * * LOW HITPOINT WARNING * * *
You hit the spiny frog.
The spiny frog is lightly wounded.
The spiny frog stings you but does no damage.
The bullfrog hits you but does no damage.
The spiny frog closely misses you.
You feel very mighty all of a sudden.
You hit the spiny frog.
The spiny frog is moderately wounded.
The bullfrog hits you.
* * * LOW HITPOINT WARNING * * *
The spiny frog stings you!
You die...

####...#...##......
#.#.#...##............#... ..
#....#..............>...##..##
##........##..............#....
##.#........#..................#
#.#............#...P##..........
##...#..........#...##..........
.##............P.F.......P......
................@F.......$.....#
##P.#.#...#...[.....#...........
###.###..#.#........#..#.#......
.#........##.............#...#..
#......##.......................
................................
..#..#.....##...................
..#.......###...................
..........###................


You could see a spiny frog and a bullfrog.

Vanquished Creatures
  Pikel (D:5)
  Joseph (D:9)
  A spiny frog (Lair:1)
  A komodo dragon (D:9)
  A hornet (D:6)
  A two-headed ogre (D:9)
  Prince Ribbit (D:5)
  5 humans (D:8)
  4 yaks (Lair:1)
  Grum (D:8)
  The ghost of Chiseanne the Ducker, an amateur HEAr of Vehumet (D:4)
  2 water moccasins
  A porcupine (Lair:1)
  An ice beast (D:4)
  A phantom (D:6)
  A black bear (D:8)
  3 sky beasts (D:9)
  5 ogres
  3 wolves (D:8)
  4 centaurs
  2 bullfrogs (D:6)
  A big kobold (D:7)
  2 scorpions
  5 killer bees (D:8)
  3 crimson imps
  2 bullfrog zombies
  2 orc priests
  A centaur skeleton (D:7)
  A gnoll shaman (D:5)
  5 hounds
  6 orc wizards
  3 iguanas
  Terence (D:2)
  4 worker ants
  2 hound skeletons
  A worker ant zombie (D:6)
  6 gnolls
  13 adders
  A shadow imp (D:7)
  An ooze (D:4)
  2 worms
  A dart slug (D:2)
  6 leopard geckos
  27 orcs
  5 giant cockroaches
  8 hobgoblins
  6 jackals (D:7)
  6 quokkas
  A ball python (D:3)
  A ball python skeleton (D:4)
  5 bats
  5 frilled lizards
  6 goblins
  2 jackal skeletons (D:6)
  16 kobolds
  3 leopard gecko skeletons
  7 rats
208 creatures vanquished.

Vanquished Creatures (others)
  2 slaves (D:5)
  An orc wizard (D:5)
  An adder (D:5)
  A worm (D:5)
  A plant (D:9)
6 creatures vanquished.

Grand Total: 214 creatures vanquished

Notes
Turn   | Place    | Note
-------+----------+-------------------------------------------
     0 | D:1      | MovingMist the Gargoyle Fighter began the quest for the Orb.
     0 | D:1      | Reached XP level 1. HP: 14/14 MP: 1/1
    77 | D:1      | Reached XP level 2. HP: 19/19 MP: 2/2
   669 | D:2      | Noticed Terence
   679 | D:2      | Killed Terence
   679 | D:2      | Reached XP level 3. HP: 24/24 MP: 3/3
   964 | D:2      | Reached XP level 4. HP: 27/29 MP: 4/4
  1500 | D:3      | Found a deep blue altar of Sif Muna.
  1501 | D:3      | Found a shattered altar of Ashenzari.
  1606 | D:3      | Reached XP level 5. HP: 34/34 MP: 5/5
  1990 | D:4      | Learned a level 2 spell: Passwall
  2086 | D:4      | Reached skill level 5 in Fighting
  2086 | D:4      | Reached XP level 6. HP: 34/40 MP: 6/6
  2107 | D:4      | Noticed an ice beast
  2132 | D:4      | Killed an ice beast
  2414 | D:4      | Reached skill level 1 in Spellcasting
  2460 | D:4      | Noticed Chiseanne's ghost (amateur HEAr)
  2539 | D:4      | Killed Chiseanne's ghost
  2539 | D:4      | Reached skill level 5 in Armour
  2539 | D:4      | Reached skill level 5 in Shields
  2539 | D:4      | Reached XP level 7. HP: 37/44 MP: 7/9
  2773 | D:5      | Entered Level 5 of the Dungeon
  2814 | D:5      | Noticed Pikel
  2841 | D:5      | Killed Pikel
  2841 | D:5      | Reached XP level 8. HP: 23/49 MP: 9/12
  3017 | D:5      | Noticed Prince Ribbit
  3178 | D:5      | Killed Prince Ribbit
  3178 | D:5      | Reached skill level 5 in Maces & Flails
  3242 | D:5      | Found an iron altar of Okawaru.
  3251 | D:5      | Became a worshipper of Warmaster Okawaru
  4011 | D:6      | Reached * piety under Okawaru
  4011 | D:6      | Reached XP level 9. HP: 27/54 MP: 13/15
  4195 | D:6      | Found a shimmering altar of Xom.
  4253 | D:6      | Found a staircase to the Ecumenical Temple.
  4319 | D:6      | Noticed a hornet
  4349 | D:6      | Killed a hornet
  4612 | D:6      | Found a blossoming altar of Fedhas.
  4889 | D:7      | Reached ** piety under Okawaru
  5712 | D:8      | Reached skill level 5 in Spellcasting
  5818 | D:8      | Reached *** piety under Okawaru
  5818 | D:8      | Reached XP level 10. HP: 57/59 MP: 18/18
  6003 | D:8      | Noticed Grum
  6026 | D:8      | Killed Grum
  6461 | D:9      | Noticed Maurice
  6952 | D:9      | Reached **** piety under Okawaru
  6990 | D:9      | Gained mutation: You possess an exceptional clarity of mind. [mutagenic meat]
  6991 | D:9      | Gained mutation: You can translocate small distances at will. [mutagenic meat]
  6992 | D:9      | Gained mutation: Your body sometimes deteriorates upon taking damage. [mutagenic meat]
  7016 | D:9      | Found a staircase to the Lair.
  7291 | D:9      | Gained mutation: Armour fits poorly on your strangely shaped body. [mutagenic meat]
  7292 | D:9      | Gained mutation: You have a beak for a mouth. [mutagenic meat]
  7295 | D:9      | Noticed Joseph
  7321 | D:9      | Killed Joseph
  7459 | Lair:1   | Entered Level 1 of the Lair of Beasts
  7610 | Lair:1   | Reached XP level 11. HP: 55/63 MP: 21/21
  7624 | Lair:1   | Reached ***** piety under Okawaru
  7758 | Lair:1   | Slain by a spiny frog

Skill      XL: |  1  2  3  4  5  6  7  8  9 10 |
---------------+-------------------------------+-----
Fighting       | 4 5 |  5.0
Armour         | 4 5 6 8 9 |  9.5
Shields        | 4 5 6 8 9 |  9.6
Maces & Flails | 3 4 5 7 8 |  8.6
Spellcasting   | 1 2 4 5 6 |  6.9
Axes           | |  0.3

Action                   |  1- 3 |  4- 6 |  7- 9 | 10-12 || total
-------------------------+-------+-------+-------+-------++-------
Melee: Flail             |    77 |       |       |       ||    77
       Mace              |    36 |    13 |       |       ||    49
       Hand axe          |       |    62 |       |       ||    62
       Whip              |       |   144 |   410 |   380 ||   934
       Peck              |       |       |       |    30 ||    30
       Great mace        |       |       |       |    13 ||    13
Invok: Heroism           |       |       |       |     1 ||     1
  Use: Potion            |       |       |       |     1 ||     1
  Eat: Chunk             |       |     5 |    12 |    12 ||    29
Armor: Scale mail        |    52 |     4 |       |       ||    56
       Chain mail        |       |   130 |   195 |       ||   325
       Plate armour      |       |       |     3 |   234 ||   237
Dodge: Dodged            |    27 |    34 |    85 |    53 ||   199
Block: Shield            |    55 |    97 |   191 |   151 ||   494
